 Dungeon Crawl Stone Soup version 0.27.1-4-g1640c2035a (webtiles) character file.

Game seed: 8647903656784575738

2641 raph the Basher (level 9, -9/73 HPs)
             Began as a Minotaur Berserker on Oct 31, 2021.
             Was an Elder of Trog.
             Mangled by an orc warrior (31 damage)
             ... in a bailey.
             The game lasted 00:12:23 (7373 turns).

raph the Basher (Minotaur Berserker)                Turns: 7373, Time: 00:12:24

Health: -9/73      AC: 12    Str: 28    XL:     9   Next: 35%
Magic:  8/8        EV:  8    Int:  4    God:    Trog [****..]
Gold:   64         SH: 10    Dex: 13    Spells: 8/8 levels left

rFire    . . .     SeeInvis +   a - +6 flail (vorpal)
rCold    . . .     Faith    .   s - +0 kite shield
rNeg     . . .     Spirit   .   k - +0 chain mail
rPois    .         Reflect  .   (helmet restricted)
rElec    .         Harm     .   I - +0 cloak
rCorr    .         Rampage  .   e - +1 pair of gloves
Will     ++...                  (no boots)
Stlth    ..........             (no amulet)
HPRegen  1.22/turn              x - +6 ring of strength
MPRegen  0.11/turn              y - ring of see invisible

@: strong-willed, on berserk cooldown, regenerating, slowed, very slow
A: horns 2, retaliatory headbutt
a: Renounce Religion, Berserk, Trog's Hand, Brothers in Arms


You were in a bailey.
You worshipped Trog.
Trog was greatly pleased with you.
You visited 1 branch of the dungeon, and saw 7 of its levels.
You also visited: Bailey.

You collected 412 gold pieces.
You spent 348 gold pieces at shops.

Inventory:

Hand Weapons
 a - a +6 vorpal flail (weapon)
 b - a +0 hunting sling
 f - a +2 whip of venom
 g - a +0 flail
 i - a +0 mace
Missiles
 h - 10 atropa-tipped darts (quivered)
 t - 2 throwing nets
 w - 5 silver boomerangs
 D - 12 sling bullets
 H - 38 stones
Armour
 e - a +1 pair of gloves (worn)
 k - a +0 chain mail (worn)
 s - a +0 kite shield (worn)
 I - a +0 cloak (worn)
Jewellery
 x - a +6 ring of strength (left hand)
 y - a ring of see invisible (right hand)
Wands
 q - a wand of polymorph (9)
 r - a wand of iceblast (17)
 v - a wand of digging (6)
 A - a wand of mindburst (10)
 E - a wand of paralysis (7)
Scrolls
 m - 2 scrolls of identify
 C - a scroll of fear
 F - a scroll of enchant weapon
 G - a scroll of teleportation
Potions
 c - a potion of flight
 d - 3 potions of lignification
 j - 2 potions of curing
 l - 2 potions of brilliance
 n - 2 potions of mutation {unknown}
 o - 2 potions of ambrosia {unknown}
 p - a potion of haste
 u - a potion of degeneration {unknown}
 z - a potion of heal wounds {unknown}
 B - a potion of might {unknown}


   Skills:
 + Level 4.9 Fighting
 * Level 13.3 Maces & Flails
 + Level 4.1 Armour
 + Level 3.6 Dodging
 * Level 4.4 Shields


You had 8 spell levels left.
You didn't know any spells.
Your spell library was empty.

Dungeon Overview and Level Annotations

Branches:
Dungeon (7/15)             Bailey (1/1)
 Temple: D:4-7

Altars:
Ru

Shops:
D:6 *[(?


Innate Abilities, Weirdness & Mutations

You have a pair of horns on your head.
You reflexively headbutt those who attack you in melee.


Message History

Press: ? - help, Q - select action, (/) - cycle Shift-Dir - straight line, f - orc knight
Aim: an orc knight, wielding a +0 halberd and wearing a +0 ring mail (51% to hit)
You shoot a sling bullet.
The sling bullet barely misses the orc knight.
The orc warrior shoots a bolt.
You block the bolt.
An orc warrior comes into view. It is wielding a +0 halberd.
The orc knight roars a battlecry!
The orc warriors go into a battle-frenzy!
An orc warrior comes into view. It is wielding a +0 arbalest.
a - a +6 vorpal flail (weapon)
The orc warrior shouts!
The orc warrior shoots a bolt.
You block the bolt.
The orc warrior shoots a bolt.
The bolt hits you!
The orc knight roars a battlecry!
The orcs go into a battle-frenzy!
An orc warrior comes into view. It is wielding a +0 trident.
You hear a shout!
Your ogre goes berserk!
The orc warrior hits you from afar with a +0 halberd!
The orc warrior shoots a bolt.
You block the bolt.
The orc warrior hits you from afar with a +0 halberd!
Your skin crawls.
You feel strong-willed.
The orc knight roars a battlecry!
The orc knight goes into a battle-frenzy!
The orc warrior shoots a bolt.
You block the bolt.
The orc warrior shoots a bolt.
You block the bolt. The orc knight barely misses you.
The orc warrior hits you from afar with a +0 halberd!!
Your ogre closely misses the orc warrior.
The orc warrior shoots a bolt.
The bolt hits you but does no damage.
The orc warrior shoots a bolt.
The bolt hits you.
* * * LOW HITPOINT WARNING * * *
The orc knight closely misses you.
You're still recovering from your berserk rage.
Your ogre barely misses the orc warrior.
You block the orc warrior's attack.
The orc warrior shoots a bolt.
You block the bolt. You block the orc knight's attack.
The orc warrior hits you from afar with a +0 halberd!!
You die...

#### ##∩## ####
..(.##...##....
≈≈≈..#...#..≈≈≈
≈.≈≈.......≈≈o≈
o≈.....o.≈oo
.oo..o.≈ #O..#
#.@.# ##∩## ###


You could see 3 orc knights, 4 orc warriors and a friendly ogre (summoned,
berserk).

Vanquished Creatures
  Pikel (D:4)
  A steam dragon (D:7)
  Menkaure (D:5)
  A black bear (D:6)
  An ogre (D:7)
  2 necrophages (D:5)
  A centaur (D:6)
  3 phantoms
  A lemure (D:4)
  Blork the orc (D:5)
  A bullfrog (D:6)
  A gnoll sergeant (D:7)
  A wyvern zombie (D:3)
  2 water moccasin zombies
  A howler monkey (D:4)
  2 hounds
  A bullfrog skeleton (D:6)
  2 centaur skeletons
  5 orc priests
  A gnoll shaman (D:6)
  Jessica (D:3)
  5 orc wizards
  Terence (D:3)
  An iguana (D:6)
  A scorpion zombie (D:5)
  A hound zombie (D:5)
  2 hound skeletons (D:4)
  Robin (D:3)
  15 gnolls
  6 adders
  A shadow imp (D:7)
  2 white imps
  2 adder skeletons (D:4)
  2 worms
  A dart slug (D:2)
  19 orcs
  2 bats (D:1)
  9 endoplasms
  A giant cockroach (D:2)
  12 goblins
  6 hobgoblins
  4 kobolds
  2 quokkas
  A ball python (D:1)
  2 frilled lizards (D:1)
  6 rats (D:1)
136 creatures vanquished.

Notes
Turn   | Place    | Note
-------+----------+-------------------------------------------
     0 | D:1      | raph the Minotaur Berserker began the quest for the Orb.
     0 | D:1      | Reached XP level 1. HP: 19/19 MP: 0/0
   162 | D:1      | Reached skill level 4 in Maces & Flails
   247 | D:1      | Reached XP level 2. HP: 25/26 MP: 1/1
   987 | D:2      | Reached skill level 5 in Maces & Flails
   987 | D:2      | Reached XP level 3. HP: 24/31 MP: 2/2
   991 | D:2      | HP: 2/46 [gnoll (3)]
  1740 | D:2      | Reached skill level 6 in Maces & Flails
  1740 | D:2      | Reached XP level 4. HP: 39/39 MP: 3/3
  2303 | D:3      | Reached ** piety under Trog
  2308 | D:3      | Noticed Robin
  2323 | D:3      | Killed Robin
  2520 | D:3      | Reached skill level 7 in Maces & Flails
  2520 | D:3      | Reached XP level 5. HP: 11/45 MP: 4/4
  2773 | D:3      | Noticed Jessica
  2776 | D:3      | Killed Jessica
  3160 | D:3      | Reached skill level 8 in Maces & Flails
  3160 | D:3      | Reached XP level 6. HP: 45/51 MP: 5/5
  3344 | D:3      | Noticed Terence
  3350 | D:3      | Killed Terence
  3769 | D:4      | Reached *** piety under Trog
  3996 | D:4      | Reached skill level 9 in Maces & Flails
  4345 | D:4      | Noticed Pikel
  4352 | D:4      | Killed Pikel
  4353 | D:4      | Reached skill level 11 in Maces & Flails
  4353 | D:4      | Reached XP level 7. HP: 57/57 MP: 6/6
  4603 | D:4      | Found a sacrificial altar of Ru.
  4622 | D:5      | Entered Level 5 of the Dungeon
  4629 | D:5      | Reached XP level 8. HP: 64/64 MP: 7/7
  4867 | D:5      | Noticed Blork the orc
  4871 | D:5      | Noticed Menkaure
  4878 | D:5      | Killed Blork the orc
  4881 | D:5      | Killed Menkaure
  4882 | D:5      | Reached skill level 12 in Maces & Flails
  5457 | D:5      | Reached skill level 1 in Shields
  6640 | D:6      | Found Ecapoij's Assorted Antiques.
  6655 | D:6      | Bought a scroll of fear for 87 gold pieces
  6655 | D:6      | Bought a scroll labelled FITEVO QEOKK for 25 gold pieces
  6655 | D:6      | Bought a wand of iceblast (7) for 100 gold pieces
  6667 | D:6      | Reached skill level 13 in Maces & Flails
  6667 | D:6      | Reached XP level 9. HP: 72/72 MP: 8/8
  6749 | D:6      | Paralysed by an orc for 5 turns
  6758 | D:6      | Found Hyegaiho's Antique Armour Shoppe.
  6805 | D:6      | Found Gydesch's Magic Scroll Shoppe.
  6810 | D:6      | Bought a scroll of enchant weapon for 97 gold pieces
  6810 | D:6      | Bought a scroll of teleportation for 39 gold pieces
  6888 | D:6      | You fall into a shaft and drop 1 floor!
  6955 | D:7      | Reached **** piety under Trog
  7078 | D:6      | Found Enaur's Weapon Shoppe.
  7336 | D:7      | Found a flagged portal.
  7365 | Bailey   | Entered a bailey
  7365 | Bailey   | Noticed an orc knight
  7365 | Bailey   | Noticed an orc knight
  7365 | Bailey   | Noticed an orc knight
  7373 | Bailey   | Mangled by an orc warrior

Illustrated notes

Levels and vault maps discovered:
D:1:      lemuel_arrival_funnel, layout_basic, grunt_decor_junction
D:2:      layout_loops_ring, kennysheep_cluttered_room
D:3:      layout_loops_corners, dk_vineyard_2, uniq_terence, uniq_jessica,
          uniq_robin
D:4:      layout_cave_pools, lemuel_coloured_pillars_altar, uniq_pikel
D:5:      layout_cave_pools, hellmonk_bongcloud_opening, minmay_quadrilaterals,
          uniq_blork_the_orc, uniq_menkaure
D:6:      layout_rooms, temple_fountains, serial_shops, kennysheep_little_box,
          shop, shop, shop_coins
D:7:      layout_loops_ring, enter_bailey_2, kennysheep_generic_room_13
Bailey:   bailey_polearm_4, bailey

Skill      XL: |  1  2  3  4  5  6  7  8  9 |
---------------+----------------------------+-----
Maces & Flails | 4 5 6 7 8 11 13 | 13.3
Shields        | 3 4 |  4.4
Fighting       | 4 |  4.9
Armour         | 3 4 |  4.1
Dodging        | 3 |  3.6

Action                   |  1- 3 |  4- 6 |  7- 9 || total
-------------------------+-------+-------+-------++-------
Melee: Mace              |    46 |       |       ||    46
       Headbutt          |    10 |    13 |    21 ||    44
       Flail             |    17 |    88 |   128 ||   233
 Fire: Hunting sling     |       |       |     1 ||     1
Invok: Berserk           |     1 |     7 |     9 ||    17
       Trog's Hand       |       |       |     2 ||     2
       Brothers in Arms  |       |       |     1 ||     1
  Use: Scroll            |     1 |     3 |     7 ||    11
       Potion            |       |     1 |       ||     1
Armor: Animal skin       |     3 |       |       ||     3
       Leather armour    |     8 |    26 |       ||    34
       Chain mail        |       |    17 |    53 ||    70
Dodge: Dodged            |    37 |    40 |    25 ||   102
Block: Kite shield       |       |       |    53 ||    53
